 Dungeon Crawl Stone Soup version 0.29.1-14-g9c671dbff4 (webtiles) character file.

Game seed: 13776648529578054314

8632 cowcol the Severer (level 11, 0/94 HPs)
             Began as a Minotaur Fighter on Feb 21, 2023.
             Was an Elder of Okawaru.
             Slain by an unseen horror (3 damage)
             ... on level 10 of the Dungeon.
             The game lasted 00:34:12 (12839 turns).

cowcol the Severer (Minotaur Fighter)              Turns: 12839, Time: 00:34:13

Health: 0/94       AC: 14    Str: 30    XL:     11   Next: 12%
Magic:  10/10      EV:  9    Int:  5    God:    Okawaru [****..]
Gold:   588        SH:  0    Dex: 17    Spells: 10/10 levels left

rFire   . . .      SeeInvis .   K - +0 battleaxe
rCold   . . .      Faith    .   (shield currently unavailable)
rNeg    . . .      Spirit   .   s - +0 chain mail
rPois   .          Reflect  .   (helmet restricted)
rElec   .          Harm     .   (no cloak)
rCorr   .          Rampage  .   R - +0 pair of gloves
Will    .....                   d - +0 pair of boots
Stlth   ..........              q - amulet of regeneration
HPRegen 0.00/turn               C - +6 ring of dexterity
MPRegen 0.12/turn               v - +6 ring of strength

@: inhibited regen
A: horns 2, retaliatory headbutt, inhibited regeneration
a: Renounce Religion, Heroism, Finesse


You were on level 10 of the Dungeon.
You worshipped Okawaru.
Okawaru was greatly pleased with you.
You visited 2 branches of the dungeon, and saw 12 of its levels.
You also visited: Bailey.

You collected 588 gold pieces.

Inventory:

Hand Weapons
 a - a +0 war axe
 h - a +4 war axe
 F - a +1 broad axe
 K - a +0 battleaxe (weapon)
Missiles
 z - 50 poisoned darts
 B - 2 throwing nets
 D - 31 boomerangs
 O - 6 javelins (quivered)
Armour
 b - a +0 scale mail
 c - a +0 buckler
 d - a +0 pair of boots (worn)
 s - a +0 chain mail (worn)
 u - a +1 plate armour
 G - a +2 ring mail of fire resistance
 N - +0 acid dragon scales
 R - a +0 pair of gloves (worn)
Jewellery
 m - an amulet of faith
 o - a ring of poison resistance
 q - an amulet of regeneration (around neck)
 v - a +6 ring of strength (right hand)
 C - a +6 ring of dexterity (left hand)
 J - a +6 ring of intelligence
Wands
 x - a wand of polymorph (2)
 y - a wand of flame (7)
 L - a wand of iceblast (11)
Scrolls
 e - 6 scrolls of teleportation
 i - 2 scrolls of vulnerability
 l - a scroll of fear
 n - 3 scrolls of poison
 r - a scroll of fog {unknown}
 A - a scroll of silence
 E - a scroll of magic mapping
Potions
 f - 2 potions of mutation {unknown}
 g - 4 potions of heal wounds
 j - 3 potions of lignification
 k - 2 potions of curing
 p - 3 potions of brilliance
 t - a potion of resistance {unknown}
 H - 2 potions of berserk rage {unknown}
 I - a potion of cancellation {unknown}
 Q - a potion of flight {unknown}
 S - a potion of might
 T - a potion of ambrosia {unknown}


   Skills:
 + Level 8.3 Fighting
 * Level 16.4 Axes
 + Level 1.6 Throwing
 + Level 10.1 Armour
 - Level 3.6 Shields
 - Level 0.5 Evocations


You had 10 spell levels left.
You didn't know any spells.
Your spell library contained the following spells:

 Spells                   Type           Power      Damage    Failure   Level
 Beastly Appendage        Tmut           0%         N/A       91%         1
 Wereblood                Tmut           0%         N/A       97%         2
 Frozen Ramparts          Ice            0%         1d1       99%         3
 Spider Form              Tmut/Pois      0%         N/A       99%         3
 Ice Form                 Ice/Tmut       0%         N/A       100%        4
 Eringya's Noxious Bog    Tmut/Pois      0%         N/A       100%        6
 Summon Ice Beast         Ice/Summ       Unusable   N/A       N/A         4
 Summon Forest            Summ/Tloc      Unusable   N/A       N/A         5
 Summon Hydra             Summ           Unusable   N/A       N/A         7

Dungeon Overview and Level Annotations

Branches:
Dungeon (11/15)            Temple (1/1) D:6            Lair (0/5) D:9
 Bailey (visited)
    Orc: D:9-12

Altars:
Ashenzari
Cheibriados
Dithmenos
Elyvilon
Fedhas
Gozag
Hepliaklqana
Kikubaaqudgha
Makhleb
Nemelex Xobeh
Okawaru
Qazlal
Ru
Sif Muna
Trog
Uskayaw
Vehumet
Wu Jian
Xom
Yredelemnul
Zin
The Shining One

Annotations:
D:10 1 runed translucent door, DemonSlayer's ghost, journeyman DsEE


Innate Abilities, Weirdness & Mutations

You have a pair of horns on your head.
You reflexively headbutt those who attack you in melee.
You do not regenerate when monsters are visible.


Message History

There is a stone staircase leading up, spattered with blood here.
Something hits you but does no damage. x2
Things that are here:
a +0 robe; a +0 dagger Something hits you!
* * * LOW HITPOINT WARNING * * *
The orc skeleton hits you but does no damage.
Something hits you.
* * * LOW HITPOINT WARNING * * *
The orc skeleton hits you.
* * * LOW HITPOINT WARNING * * *
Things that are here:
a +0 robe; a +0 dagger Something hits you but does no damage.
The orc skeleton hits you but does no damage.
There is a stone staircase leading up, spattered with blood here.
Something hits you.
* * * LOW HITPOINT WARNING * * *
Something hits you but does no damage.
The orc skeleton hits you but does no damage.
You climb upwards.
Level annotation: 1 runed translucent door, DemonSlayer's ghost, journeyman DsEE Reactivating autopickup.
There is a stone staircase leading down, spattered with blood here.
Deactivating autopickup; reactivate with Ctrl-A.
You barely miss something. Something hits you.
* * * LOW HITPOINT WARNING * * *
Something hits you but does no damage.
You slash something! Your headbutt misses something.
Something hits you but does no damage. Something hits you but does no damage.
You start waiting.
Something hits you.
* * * LOW HITPOINT WARNING * * *
Something hits you but does no damage. Something hits you.
* * * LOW HITPOINT WARNING * * *
Something hits you.
* * * LOW HITPOINT WARNING * * *
Something hits you but does no damage. Something hits you.
You die...

......###.....## ###
.......#......##
..##......##...########
..###....####..).#....###
..# ###...##............#
..###....###........[.###
.....................##
.##..##.............###
......##..(.....@.....#
.....####.>..........##
......###............#
..............##....##
.#..##....##.####...#
##.##....###..#######
...#....####...###
.................##
..##...........[..#


There were no monsters in sight!

Vanquished Creatures
  A two-headed ogre (D:10)
  An orc knight (Bailey)
  2 komodo dragons (D:10)
  Sigmund (D:3)
  3 wyverns
  A shadow (D:11)
  A vampire (D:11)
  4 yaks (D:10)
  A neqoxec (D:5)
  A water moccasin (D:9)
  2 acid dragons
  10 orc warriors
  5 black bears
  2 sky beasts
  3 ogres
  A centaur (D:5)
  10 kobold brigands
  A gnoll sergeant (D:10)
  2 bullfrogs (D:9)
  2 scorpions (D:5)
  A necrophage (D:5)
  4 wights (D:7)
  4 killer bees (D:9)
  2 troll zombies (D:11)
  10 howler monkeys
  A hound (D:5)
  3 jellies
  7 orc priests
  A gnoll bouda (D:9)
  Natasha (thrice) (D:4)
  An iguana (D:7)
  14 orc wizards
  4 ogre zombies (D:11)
  6 adders
  18 gnolls
  2 shadow imps (D:6)
  2 white imps
  An ufetubus (D:5)
  2 worms
  4 dart slugs
  49 orcs
  3 bats
  3 endoplasms
  2 giant cockroaches
  15 goblins
  7 hobgoblins
  4 jackals (D:1)
  7 quokkas
  9 ball pythons
  A frilled lizard (D:1)
  A goblin skeleton (D:11)
  A goblin zombie (D:11)
  6 hobgoblin zombies (D:11)
  41 kobolds
  4 orc skeletons (D:11)
  5 orc zombies (D:11)
  7 rats
309 creatures vanquished.

Vanquished Creatures (others)
  A wizard (D:6)
  18 fungi (D:9)
  14 plants (D:9)
33 creatures vanquished.

Grand Total: 342 creatures vanquished

Notes
Turn   | Place    | Note
-------+----------+-------------------------------------------
     0 | D:1      | cowcol the Minotaur Fighter began the quest for the Orb.
     0 | D:1      | Reached XP level 1. HP: 19/19 MP: 0/0
   258 | D:1      | Found a faded altar of an unknown god.
   356 | D:1      | Reached XP level 2. HP: 27/27 MP: 1/1
   492 | D:1      | Reached skill level 3 in Axes
   758 | D:1      | Reached XP level 3. HP: 13/33 MP: 2/2
  1910 | D:2      | Found a burning altar of Makhleb.
  1958 | D:2      | Reached XP level 4. HP: 38/40 MP: 3/3
  2164 | D:3      | Reached skill level 4 in Axes
  2170 | D:3      | Reached XP level 5. HP: 32/47 MP: 4/4
  2468 | D:3      | Reached skill level 5 in Axes
  2810 | D:3      | Noticed Sigmund
  2824 | D:3      | Killed Sigmund
  2825 | D:3      | Reached skill level 6 in Axes
  2825 | D:3      | Reached skill level 5 in Armour
  2825 | D:3      | Reached XP level 6. HP: 53/53 MP: 5/5
  3120 | D:3      | You fall into a shaft and drop 1 floor!
  3147 | D:4      | Noticed Natasha
  3154 | D:4      | Killed Natasha
  3758 | D:4      | Noticed Natasha
  3765 | D:4      | Killed Natasha
  4480 | D:4      | Noticed Natasha
  4488 | D:4      | Killed Natasha
  4489 | D:4      | Reached skill level 7 in Axes
  5162 | D:5      | Entered Level 5 of the Dungeon
  5180 | D:5      | Reached XP level 7. HP: 54/60 MP: 6/6
  5279 | D:5      | Reached skill level 5 in Fighting
  5279 | D:5      | Reached skill level 8 in Axes
  5336 | D:5      | Noticed Ijyb
  5338 | D:5      | Noticed Ijyb
  5338 | D:5      | Ijyb changed into Ijyb the scorpion
  5343 | D:5      | Killed Ijyb the scorpion
  5378 | D:5      | Noticed Grinder
  5379 | D:5      | Noticed Grinder
  5379 | D:5      | Grinder changed into Grinder the neqoxec
  5382 | D:5      | Gained mutation: You do not regenerate when monsters are
                  | visible. [Grinder]
  5395 | D:5      | Killed Grinder the neqoxec
  5479 | D:5      | Reached skill level 9 in Axes
  5521 | D:5      | Reached XP level 8. HP: 59/68 MP: 7/7
  6019 | D:6      | Found a staircase to the Ecumenical Temple.
  6028 | Temple   | Entered the Ecumenical Temple
  6176 | Temple   | Became a worshipper of Warmaster Okawaru
  6218 | D:6      | Found a bloodstained altar of Trog.
  6219 | D:6      | Noticed a wizard
  6225 | D:6      | Killed a wizard
  6274 | D:6      | Reached skill level 10 in Axes
  6814 | D:7      | Reached skill level 11 in Axes
  6883 | D:7      | Found a flagged portal.
  6903 | Bailey   | Entered a bailey
  6952 | Bailey   | Reached * piety under Okawaru
  7019 | Bailey   | Noticed an orc knight
  7034 | Bailey   | Killed an orc knight
  7035 | Bailey   | Reached skill level 12 in Axes
  7035 | Bailey   | Reached XP level 9. HP: 41/75 MP: 5/8
  7036 | Bailey   | Reached ** piety under Okawaru
  7242 | Bailey   | Identified the +1 falchion "Peigri" {elec, rC+}
  7261 | Bailey   | Found a burning altar of Makhleb.
  7745 | D:7      | Reached skill level 13 in Axes
  8151 | D:7      | Found a burning altar of Makhleb.
  8297 | D:7      | Found a white marble altar of Elyvilon.
  8568 | D:8      | Reached skill level 1 in Throwing
  8874 | D:8      | Found a hazy altar of Hepliaklqana.
  8877 | D:8      | Found a glowing golden altar of the Shining One.
  9120 | D:8      | Reached *** piety under Okawaru
  9340 | D:8      | Reached XP level 10. HP: 80/86 MP: 9/9
  9398 | D:8      | Identified the +1 trident of the Unliving {holy, Fragile
                  | Int+6}
  9561 | D:9      | Reached skill level 14 in Axes
 10342 | D:9      | Found a staircase to the Lair.
 10629 | D:9      | Found an opulent altar of Gozag.
 10771 | D:9      | Reached skill level 15 in Axes
 10820 | D:9      | Reached **** piety under Okawaru
 10926 | D:10     | Entered Level 10 of the Dungeon
 11298 | D:10     | Noticed a two-headed ogre
 11304 | D:10     | Killed a two-headed ogre
 11452 | D:10     | Noticed DemonSlayer's ghost (journeyman DsEE)
 11453 | D:10     | Found a runed translucent door.
 11625 | D:10     | Reached skill level 16 in Axes
 12007 | D:10     | Reached XP level 11. HP: 57/94 MP: 10/10
 12012 | D:10     | Reached skill level 10 in Armour
 12269 | D:11     | Reached ***** piety under Okawaru
 12838 | D:10     | HP: 3/94 [something (4)]
 12839 | D:10     | Slain by an unseen horror

Illustrated notes

Levels and vault maps discovered:
D:1:      dpeg_arrival_chambers_temple_mockup, layout_basic,
          shapermc_ecumenical_altar_starsandcircs, minmay_misc_feat_rows,
          minmay_misc_feat_tower, minmay_misc_feat_roman, grunt_decor_one_mirror
D:2:      layout_loops_ring, basic_altar, amcnicky_mini_corridor_feature
D:3:      layout_loops_ring, minmay_misc_feat_secret_circle, uniq_sigmund
D:4:      minmay_opposing_rooms, layout_basic, uniq_natasha
D:5:      layout_rooms, uniq_ijyb, uniq_grinder
D:6:      layout_gridville, trog_wizard, minmay_temple_entry_mini_moons,
          kennysheep_path_1
D:7:      black_bear_nest_1, layout_basic, mainiacjoe_overflow_catwalk_spiral,
          enter_bailey_5
D:8:      layout_loops_ring, nicolae_overflow_squiral
D:9:      layout_roguey, old_standard_altar, grunt_lair_entry_orc_guard_hut,
          special_room [special_room_orc]
D:10:     layout_cave_pools, hellmonk_ghost_happy_afterlife
D:11:     layout_cave_pools, zombieorc2_lemuel, grunt_ministairs_4,
          nicolae_twisting_strands
Temple:   eino_temple_scatter_basement

Skill      XL: |  1  2  3  4  5  6  7  8  9 10 11 |
---------------+----------------------------------+-----
Armour         | 4 5 6 7 8 9 10 | 10.1
Fighting       | 4 5 6 7 8 |  8.3
Axes           | 3 4 6 7 9 12 13 16 | 16.4
Throwing       | 1 |  1.6
Shields        | |  3.6
Evocations     | |  0.5

Action                   |  1- 3 |  4- 6 |  7- 9 | 10-12 || total
-------------------------+-------+-------+-------+-------++-------
Melee: War axe           |    97 |   107 |   163 |       ||   367
       Headbutt          |     9 |    16 |    46 |    49 ||   120
       Battleaxe         |       |       |    64 |   256 ||   320
       Broad axe         |       |       |    38 |       ||    38
Throw: Dart              |       |       |    17 |     5 ||    22
       Javelin           |       |       |       |     4 ||     4
Invok: Heroism           |       |       |     1 |     1 ||     2
Evoke: Wand              |       |       |     9 |     3 ||    12
  Use: Scroll            |       |     5 |     3 |     6 ||    14
       Potion            |       |     1 |     5 |     1 ||     7
Armor: Scale mail        |    49 |    21 |       |       ||    70
       Chain mail        |       |    31 |   154 |   173 ||   358
       Skin              |       |       |     3 |       ||     3
Dodge: Dodged            |    44 |    49 |    88 |   124 ||   305
Block: Buckler           |    24 |    27 |    44 |       ||    95
